AoeStats
← Octavio

Arena

509964335Analyzed
1v1 RM · 3d ago on Sep 28, 2026· 47m 58s· 2 players
Game mode
Random Map
Map size
Tiny (2 player)
Population
200
Speed
Normal
Resources
Standard
Victory
Conquest
Starting age
Dark Age
Ending age
Imperial Age
RankedLock teamsTeams togetherTeam positionsShared explorationLock speedFull tech treeHidden civsTurbo modeCheats
Victory
Defeat
🇬🇧 Bohemians · United Kingdom
635
+16
🇦🇷 Chinese · Argentina
631
-16
Octavio
17:15 Feudal Age
19:14 Horse Collar
19:21 Double-Bit Axe
21:56 Castle Age
20:55 Forging
20:45 Scale Mail Armor
20:39 Fletching
20:49 Padded Archer Armor
21:10 Gold Mining
21:10 Stone Mining
23:28 Wheelbarrow
24:37 Thumb Ring
25:18 Iron Casting
24:40 Bodkin Arrow
25:02 Leather Archer Armor
26:58 Gold Shaft Mining
26:58 Stone Shaft Mining
26:38 Heavy Plow
27:22 Bow Saw
30:00 Fervor
32:02 Ballistics
32:40 Hand Cart
33:11 Murder Holes
39:58 Imperial Age
41:51 Two-Man Saw
42:18 Conscription
42:39 Husbandry
42:49 Bloodlines
43:46 Blast Furnace
42:52 Scale Barding Armor
42:20 Cavalier
42:23 Light Cavalry
GEZZA 1
12:09 Feudal Age
16:12 Castle Age
14:15 Horse Collar
15:10 Double-Bit Axe
18:36 Loom
23:15 Town Watch
24:07 Wheelbarrow
28:01 Chemistry
28:44 Bow Saw
34:32 Imperial Age
34:31 Wagenburg Tactics
34:03 Elite Skirmisher
34:40 Elite Hussite Wagon
35:46 Pikeman
37:22 Conscription
41:13 Fletching
41:23 Padded Archer Armor
43:01 Heavy Plow
44:11 Two-Man Saw
43:24 Houfnice
44:28 Forging
44:19 Scale Mail Armor
44:35 Leather Archer Armor
Connection lost

Rejoining the realm…

Still unreachable

The connection could not be restored.

Session expired

The server has moved on; the page needs a fresh start.